 Dungeon Crawl Stone Soup version 0.20.1-1-g8b1a95d (webtiles) character file.

596 Andry07 the Fighter (level 7, -9/51 HPs)
             Began as a Gargoyle Fighter on Oct 5, 2017.
             Killed from afar by Dowan (19 damage)
             ... with a stone arrow
             ... on level 5 of the Dungeon.
             The game lasted 00:05:49 (3715 turns).

Andry07 the Fighter (Gargoyle Fighter)              Turns: 3715, Time: 00:05:49

Health: -9/51      AC: 14    Str: 21    XL:     7   Next: 40%
Magic:  7/7        EV:  7    Int:  9    God:
Gold:   206        SH:  9    Dex:  9    Spells: 6/6 levels left

rFire    . . .     SeeInvis .   a - +0 flail
rCold    . . .     Gourm    .   c - +0 shield
rNeg     + . .     Faith    .   b - +0 scale mail
rPois    ∞         Spirit   .   (no helmet)
rElec    +         Reflect  .   n - scarf {repulsion}
rCorr    .         Harm     .   w - +2 pair of gloves
MR       .....                  (no boots)
Stlth    ..........             (no amulet)
Regen    0.2/turn               (no ring)
MPRegen  0.1/turn               (no ring)

@: repel missiles
A: negative energy resistance 1, electricity resistance, unbreathing,
petrification resistance, rot immunity, AC +4
a: no special abilities


You were on level 5 of the Dungeon.
You were hungry.

You visited 1 branch of the dungeon, and saw 5 of its levels.

You collected 206 gold pieces.

Inventory:

Hand Weapons
 a - a +0 flail (weapon)
Armour
 b - a +0 scale mail (worn)
 c - a +0 shield (worn)
 n - a scarf of repulsion (worn)
 w - a +2 pair of gloves (worn)
Jewellery
 e - an uncursed amulet of faith {unknown}
 v - an uncursed ring of protection from cold {unknown}
Wands
 x - a wand of iceblast (8/15)
Scrolls
 g - a scroll of recharging {unknown}
 h - 3 scrolls of identify {unknown}
 j - a scroll of magic mapping {unknown}
 k - 3 scrolls of enchant armour {unknown}
 p - 4 scrolls of remove curse {unknown}
 q - a scroll of immolation {unknown}
 s - 2 scrolls of amnesia {unknown}
 t - a scroll of noise {unknown}
 y - a scroll of teleportation {unknown}
Potions
 d - 2 potions of might
 l - a potion of haste {unknown}
 o - 2 potions of curing {unknown}
 u - a potion of heal wounds {unknown}
Comestibles
 f - 5 bread rations
 i - 3 meat rations
 m - 5 fruits
 r - 2 royal jellies


   Skills:
 + Level 9.1 Fighting
 - Level 2.0 Maces & Flails
 - Level 3.2 Armour
 - Level 3.2 Shields


You had 6 spell levels left.
You didn't know any spells.

Dungeon Overview and Level Annotations

Branches:
Dungeon (5/15)
 Temple: D:4-7

Altars:

Shops:
D:4 [   D:5 (

Annotations:
D:4 Eustachio
D:5 2 transporters, Dowan


Innate Abilities, Weirdness & Mutations

You are resistant to torment.
Your stone body is resilient. (AC +4)
You are immune to poison.
You resist negative energy. (rN+)
You are resistant to electric shocks. (rElec)
You can survive without breathing.
You are immune to petrification.
You are immune to rotting.


Message History

Dowan is heavily wounded.
Dowan hits you but does no damage. You block Dowan's attack.
You miss Dowan.
Dowan is heavily wounded.
Dowan hits you but does no damage.
Dowan mumbles some strange words.
Dowan blinks!
Dowan breathes, "And she was my only..."
You can't go down here!
You climb upwards.
Level annotation: Eustachio
There is a stone staircase leading down here.
You start resting.
Eustachio says, "Summoning is fun!"
You climb downwards.
Level annotation: 2 transporters, Dowan
There is a stone staircase leading up here.
Dowan gestures at you while chanting. The stone arrow hits you!
You die...

#.###.# # #.# #.#.##
.# #.# #...#####.#
#.# #.#......# #.#
##.####..##
####.###..###...##
#..........#...[.##
#.................##
#.<@.e#...##....#...
#.##..##..##...##...
####.###..##.......#
##.# #..##........
#..####.##..#.....
##...###.##..#.##..
#.#............#...
#.##...............
##..##.........#####


You could see Dowan.

Vanquished Creatures
  Duvessa (D:5)
  2 sky beasts (D:5)
  2 orc priests
  2 orc wizards (D:3)
  A hound skeleton (D:3)
  7 adders
  A shadow imp (D:5)
  3 oozes
  2 worms (D:2)
  3 dart slugs (D:1)
  5 leopard geckos
  18 orcs
  2 giant cockroaches
  2 goblins (D:1)
  3 hobgoblins
  5 jackals
  A kobold (D:1)
  A ball python (D:3)
  A ball python skeleton (D:5)
  9 bats
  4 frilled lizards
  A quokka skeleton (D:4)
  5 rats
81 creatures vanquished.

Notes
Turn   | Place    | Note
-------+----------+-------------------------------------------
     0 | D:1      | Andry07 the Gargoyle Fighter began the quest for the Orb.
     0 | D:1      | Reached XP level 1. HP: 14/14 MP: 1/1
    53 | D:1      | Reached skill level 4 in Fighting
    53 | D:1      | Reached XP level 2. HP: 12/20 MP: 2/2
   416 | D:1      | Reached XP level 3. HP: 24/24 MP: 3/3
  1063 | D:2      | Reached skill level 5 in Fighting
  1233 | D:2      | Reached XP level 4. HP: 30/31 MP: 4/4
  2216 | D:3      | Reached skill level 6 in Fighting
  2216 | D:3      | Reached XP level 5. HP: 30/37 MP: 5/5
  2598 | D:3      | Reached skill level 7 in Fighting
  2654 | D:3      | Reached XP level 6. HP: 43/44 MP: 6/6
  2854 | D:4      | Found Gutyilil's Antique Armour Boutique.
  2871 | D:4      | Noticed Eustachio
  2895 | D:5      | Entered Level 5 of the Dungeon
  2920 | D:5      | Found a transporter.
  2924 | D:5      | Noticed a sky beast
  2930 | D:5      | Killed a sky beast
  2966 | D:5      | Noticed a sky beast
  2977 | D:5      | Killed a sky beast
  2977 | D:5      | Reached skill level 8 in Fighting
  2997 | D:5      | Found a transporter.
  3042 | D:5      | Reached XP level 7. HP: 50/50 MP: 7/7
  3482 | D:5      | Found Sokhouca's Weapon Shop.
  3606 | D:5      | Noticed Duvessa
  3606 | D:5      | Noticed Dowan
  3692 | D:5      | Killed Duvessa
  3692 | D:5      | Reached skill level 9 in Fighting
  3715 | D:5      | Killed from afar by Dowan

Skill      XL: |  1  2  3  4  5  6  7 |
---------------+----------------------+-----
Fighting       | 4 5 6 7 8 9 |  9.1
Maces & Flails | |  2.0
Armour         | |  3.2
Shields        | |  3.2

Action                   |  1- 3 |  4- 6 |  7- 9 || total
-------------------------+-------+-------+-------++-------
Melee: Flail             |   112 |   202 |    94 ||   408
  Eat: Chunk             |     1 |     6 |     2 ||     9
Armor: Scale mail        |    65 |   122 |    97 ||   284
Dodge: Dodged            |    62 |    61 |    32 ||   155
Block: Shield            |    80 |   118 |    63 ||   261
